 Dungeon Crawl Stone Soup version 0.21-a0-442-g848f44b (webtiles) character file.

266 tof the Twirler (level 6, 44/47 HPs)
             Began as a Demonspawn Gladiator on Nov 13, 2017.
             Quit the game on level 3 of the Dungeon.
             The game lasted 00:03:23 (2699 turns).

tof the Twirler (Demonspawn Gladiator)              Turns: 2699, Time: 00:03:23

Health: 44/47      AC:  3    Str: 15    XL:     6   Next: 0%
Magic:  6/6        EV: 13    Int:  9    God:
Gold:   140        SH:  0    Dex: 16    Spells: 5/5 levels left

rFire    + . .     SeeInvis .   a - +0 quarterstaff
rCold    . . .     Gourm    .   (shield currently unavailable)
rNeg     . . .     Faith    .   x - +0 leather armour (curse)
rPois    .         Spirit   .   (helmet restricted)
rElec    .         Reflect  .   (no cloak)
rCorr    +         Harm     .   (no gloves)
MR       .....                  (no boots)
Stlth    +.........             o - amulet of rage
HPRegen  0.15/turn              u - ring of resist corrosion
MPRegen  0.10/turn              (no ring)

@: no status effects
A: antennae 1, claws 1, hooves 1, fire resistance 1
a: Evoke Berserk Rage


You were on level 3 of the Dungeon.
You were hungry.

You visited 1 branch of the dungeon, and saw 3 of its levels.

You collected 140 gold pieces.

Inventory:

Hand Weapons
 a - a +0 quarterstaff (weapon)
Missiles
 d - 3 throwing nets (quivered)
 r - 18 poisoned needles
 v - 5 tomahawks
Armour
 b - a +1 leather armour
 c - a +0 helmet
 g - a +2 animal skin
 x - a cursed +0 leather armour (worn)
Jewellery
 o - an amulet of rage (around neck)
 u - a ring of resist corrosion (left claw)
Wands
 q - a wand of confusion (22/48)
Scrolls
 e - a scroll of amnesia {unknown}
 h - a scroll of fog {unknown}
 j - a scroll of remove curse
 k - a scroll of enchant weapon {unknown}
 l - 2 scrolls of teleportation
 m - 3 scrolls of identify {unknown}
 t - a scroll of random uselessness {unknown}
Potions
 i - 3 potions of curing {unknown}
 n - a potion of heal wounds {unknown}
 w - a potion of berserk rage {unknown}
 z - a potion of ambrosia {unknown}
Comestibles
 f - a bread ration
 p - 2 royal jellies
 s - 3 fruits
 A - 2 chunks of flesh


   Skills:
 + Level 3.2 Fighting
 * Level 4.3 Staves
 - Level 1.7 Throwing
 + Level 2.2 Armour
 + Level 3.6 Dodging


You had 5 spell levels left.
You didn't know any spells.

Dungeon Overview and Level Annotations

Branches:
Dungeon (3/15)

Altars:


Innate Abilities, Weirdness & Mutations

You have a pair of small antennae on your head.
You have sharp fingernails.
You have large cloven feet.
Your flesh is heat resistant. (rF+)


Message History

You closely miss the kobold. You kick the kobold.
You kill the kobold!
The orc closely misses you. The orc completely misses you.
Items here: ))) †† a dagger of holy wrath; a hand axe x2; an orc corpse x2
You sock the orc!
You kill the orc!
You have reached level 6!
Your experience leads to an increase in your attributes!
Increase (S)trength, (I)ntelligence, or (D)exterity?
You feel agile.
Your demonic ancestry asserts itself...
Your fingernails lengthen.
You see here an orc corpse.
You butcher the orc corpse.
A - 2 chunks of flesh You see here an orc skeleton.
Items here: ))) †† a dagger of holy wrath; a hand axe x2; an orc corpse x2
Are you sure you want to abandon this character and quit the game? (Confirm with "yes".)

.....#
#..#.#.#
.....#
#.#.#.#
.....#
#...#.#
.<...#
##..#.#
.....#
#.[#.##
#.)...#
##....#
#÷##..#
#@# ..#
#.# .#
..# .
######
#### ..
......
..####
...#
...#
......


There were no monsters in sight!

Vanquished Creatures
  The ghost of Autsider the Poker, an amateur MfSk (D:3)
  Natasha (thrice) (D:2)
  Robin (D:2)
  2 adders (D:2)
  3 oozes
  2 dart slugs
  4 orcs (D:3)
  8 bats
  2 giant cockroaches
  11 goblins
  6 hobgoblins
  3 jackals (D:3)
  2 quokkas
  2 ball pythons (D:3)
  2 frilled lizards
  6 kobolds
  6 rats
64 creatures vanquished.

Notes
Turn   | Place    | Note
-------+----------+-------------------------------------------
     0 | D:1      | tof the Demonspawn Gladiator began the quest for the Orb.
     0 | D:1      | Reached XP level 1. HP: 16/16 MP: 1/1
   157 | D:1      | Gained mutation: Your flesh is heat resistant. (rF+) [demonic ancestry]
   157 | D:1      | Reached XP level 2. HP: 22/22 MP: 2/2
   272 | D:1      | Reached skill level 3 in Staves
   832 | D:2      | Noticed Robin
   841 | D:2      | Killed Robin
   841 | D:2      | Reached skill level 1 in Armour
   841 | D:2      | Reached XP level 3. HP: 22/28 MP: 3/3
  1181 | D:2      | Noticed Natasha
  1193 | D:2      | Killed Natasha
  1193 | D:2      | Gained mutation: You have large cloven feet. [demonic ancestry]
  1193 | D:2      | Reached XP level 4. HP: 6/34 MP: 4/4
  1228 | D:2      | Noticed Natasha
  1549 | D:2      | Killed Natasha
  2041 | D:2      | Noticed Natasha
  2045 | D:2      | Killed Natasha
  2045 | D:2      | Gained mutation: You have a pair of small antennae on your head. [demonic ancestry]
  2045 | D:2      | Reached XP level 5. HP: 39/40 MP: 5/5
  2272 | D:3      | Reached skill level 4 in Staves
  2330 | D:3      | Noticed Autsider's ghost (amateur MfSk)
  2350 | D:3      | Killed Autsider's ghost
  2694 | D:3      | Gained mutation: You have sharp fingernails. [demonic ancestry]
  2694 | D:3      | Reached XP level 6. HP: 43/47 MP: 6/6
  2699 | D:3      | Quit the game

Vault maps used:
D:1:      dpeg_arrival_boxorama, lemuel_old_faithful
D:2:      uniq_robin, uniq_natasha

Skill      XL: |  1  2  3  4  5 |
---------------+----------------+-----
Staves         | 3 4 |  4.3
Armour         | 1 2 |  2.2
Dodging        | 3 |  3.6
Fighting       | 3 |  3.2
Throwing       | |  1.7

Action                   |  1- 3 |  4- 6 || total
-------------------------+-------+-------++-------
Melee: Quarterstaff      |    95 |    75 ||   170
       Whip              |    33 |       ||    33
       Kick              |       |    21 ||    21
  Use: Scroll            |     4 |       ||     4
  Eat: Chunk             |     1 |     4 ||     5
Armor: Leather armour    |    47 |     2 ||    49
       Animal skin       |     4 |    14 ||    18
Dodge: Dodged            |    97 |    62 ||   159

Table legend:
 A = Spawn XP
 B = Non-spawn XP
 C = Spawn XP percentage of total XP
 D = Spawn monster count
 E = Non-spawn monster count
 F = Spawn count percentage of total count
 G = Total turns spent on level
                    A         B        C        D         E        F      G
               +---------+---------+-------+---------+---------+-------+---------
         Total |       0 |     380 |   0.0 |       0 |      64 |   0.0 |  2699
               +---------+---------+-------+---------+---------+-------+---------
           D:1 |       0 |      24 |   0.0 |       0 |      16 |   0.0 |   656
           D:2 |       0 |     193 |   0.0 |       0 |      26 |   0.0 |  1550
           D:3 |       0 |     163 |   0.0 |       0 |      22 |   0.0 |   493
               +---------+---------+-------+---------+---------+-------+---------
